 Dungeon Sprint DCSS version 0.29.1-12-g30fa7ad0bf (webtiles) character file.

Game seed: 1065540686823959065

10 Groucho the Sneak (level 2, 0/19 HPs)
             Began as a Spriggan Enchanter on Dec 17, 2022.
             Slain by a neqoxec (14 damage)
             ... in the Dungeon (Sprint II: "The Violet Keep of Menkaure").
             The game lasted 00:00:26 (37 turns).

Groucho the Sneak (Spriggan Enchanter)                Turns: 37, Time: 00:00:27

Health: 0/19       AC:  2    Str:  4    XL:     2   Next: 10%
Magic:  6/7        EV: 17    Int: 16    God:
Gold:   243        SH:  0    Dex: 15    Spells: 8/8 levels left

rFire   . . .      SeeInvis +   a - +1 dagger
rCold   . . .      Faith    .   (no shield)
rNeg    . . .      Spirit   .   b - +0 robe
rPois   .          Reflect  .   (helmet restricted)
rElec   .          Harm     .   (no cloak)
rCorr   .          Rampage  .   (gloves unavailable)
Will    .....      NoTele   +   (boots unavailable)
Stlth   ..........              (no amulet)
HPRegen 0.06/turn               (no ring)
MPRegen 0.10/turn               (no ring)

@: berserking, hasted, invisible, very quick
A: very small, no large weapons, unfitting armour, see invisible, speed 3,
screaming 1
a: no special abilities


You were in the Dungeon.
You visited 1 branch You collected 243 gold pieces.

Inventory:

Hand Weapons
 a - a +1 dagger (weapon)
Armour
 b - a +0 robe (worn)
Scrolls
 i - a scroll of blinking
Potions
 c - a potion of invisibility
 d - a potion of curing
 e - a potion of heal wounds
 g - 2 potions of magic


   Skills:
 - Level 1.1 Short Blades
 - Level 2.6 Dodging
 * Level 6.5 Stealth
 + Level 3.7 Spellcasting
 + Level 4.4 Hexes


You had 8 spell levels left.
You didn't know any spells.
Your spell library contained the following spells:

 Spells                   Type           Power      Damage    Failure   Level
 Confusing Touch          Hex            17%        N/A       9%          3
 Tukima's Dance           Hex            17%        N/A       9%          3
 Ensorcelled Hibernation  Hex/Ice        20%        N/A       11%         2
 Dazzling Flash           Conj/Hex       20%        N/A       22%         3


Dungeon Overview and Level Annotations

Branches:
Dungeon (1/1)

Altars:


Innate Abilities, Weirdness & Mutations

You are very small and have problems with some larger weapons.
You are too small for most types of armour.
You have supernaturally acute eyesight. (SInv)
You cover ground extremely quickly. (Speed+++)
You occasionally shout uncontrollably at your foes.


Message History

You impale the worm!!
You kill the worm!
You have reached level 2!
Unknown command.
You now have 243 gold pieces.
There is an open door here.
You open the door.
There is an open door here.
The helpless neqoxec fails to defend itself.
You impale the neqoxec!!
The neqoxec is severely wounded.
The neqoxec shouts! x3
You barely miss the neqoxec.
The neqoxec is severely wounded.
The neqoxec shouts!
You barely miss the neqoxec.
The neqoxec is severely wounded.
The neqoxec completely misses you. The neqoxec misses you.
A red film seems to cover your vision as you go berserk!
You feel yourself moving faster!
You feel mighty!
The neqoxec shouts!
You completely miss the neqoxec.
The neqoxec is severely wounded.
The neqoxec shouts!
The neqoxec closely misses you.
You hit the neqoxec.
The neqoxec is almost dead.
The neqoxec gestures at you.
Strange energies course through your body.
You feel the urge to shout. The neqoxec hits you.
You closely miss the neqoxec.
The neqoxec is almost dead.
The neqoxec shouts!
You hit the neqoxec.
The neqoxec is almost dead.
The neqoxec shouts!
The neqoxec hits you!
Ouch! That really hurt!
You die...

##+# ##..###
#†.##.# #
##.#.# ##
##. ##'###.#
#...##.##.3#
#$+.<.@3#
#.m.##.##3#
##. #+# #3#
# $#. ## l#
#l ## ##


You could see 4 neqoxecs.

Vanquished Creatures
  3 worms (D)
3 creatures vanquished.

Notes
Turn   | Place    | Note
-------+----------+-------------------------------------------
     0 | D        | Groucho the Spriggan Enchanter began the quest for the Orb.
     0 | D        | Reached XP level 1. HP: 9/9 MP: 5/5
     3 | D        | Noticed a merfolk siren
     6 | D        | Noticed a wyvern
     6 | D        | Noticed a wyvern
     9 | D        | Noticed a neqoxec
     9 | D        | Noticed a neqoxec
     9 | D        | Noticed a neqoxec
     9 | D        | Noticed a neqoxec
    16 | D        | Reached skill level 5 in Stealth
    19 | D        | Reached skill level 6 in Stealth
    20 | D        | Reached XP level 2. HP: 13/13 MP: 5/7
    35 | D        | Gained mutation: You occasionally shout uncontrollably at
                  | your foes. [a neqoxec]
    37 | D        | Slain by a neqoxec

Illustrated notes

Levels and vault maps discovered:
D:        the_violet_keep_of_menkaure [sprint2_stairs_cluster_1,
          sprint2_shoproom, sprint2_temple, sprint2_basic_supplies,
          sprint2_obstacle_6, sprint2_obstacle_2, sprint2_obstacle_7,
          sprint2_obstacle_1, sprint2_obstacle_5, sprint2_timed_cluster_1,
          sprint2_smallroom_cluster_1, sprint2_smallroom_final_cluster_1,
          sprint2_transparent_cluster_1, sprint2_second_timed_cluster_1,
          sprint2_sniper_area_1, sprint2_heavy_combat_area_1,
          sprint2_mutation_trap_area_1, sprint2_forest_area_1,
          sprint2_light_combat_area_1, sprint2_behind_water_1,
          sprint2_near_end_vault_1]

Skill      XL: |  1 |
---------------+----+-----
Stealth        | 6 |  6.5
Spellcasting   | 3 |  3.7
Hexes          | 4 |  4.4
Short Blades   | |  1.1
Dodging        | |  2.6

Action                   || total
-------------------------++-------
Melee: Dagger            ||    10
  Use: Potion            ||     3
 Stab: Sleeping          ||     4
Dodge: Dodged            ||     3
